[Event "Titled Tuesday Blitz October 31 Late 2023"]
[White "Guha, Eshan"]
[Black "Elbebiber"]
[WhiteFideId "30958628"]
[WhiteElo "2366"]
[BlackElo "2169"]
[Result "1/2-1/2"]
[Round "8"]
[TimeControl "180+1"]
[Date "2023.10.31"]
[WhiteClock "0:00:06"]
[BlackClock "0:00:09"]
[Board "115"]

1. Nf3 e6 2. b3 Nf6 3. Bb2 d5 4. e3 Be7 5. c4 O-O 6. Nc3 c5 7. cxd5 exd5 8. d4 cxd4 9. Nxd4 Nc6 10. Be2 Qb6 11. O-O Nxd4 12. Qxd4 Qxd4 13. exd4 Be6 14. Bf3 Rfd8 15. Rfe1 Kf8 16. Rac1 Rac8 17. g3 Bb4 18. Red1 a6 19. a3 Bd6 20. Na4 Rxc1 21. Rxc1 Rc8 22. Nc5 Rc7 23. a4 a5 24. Ba3 Ke7 25. Kg2 b6 26. Nd3 Rxc1 27. Bxc1 Ne4 28. Nf4 f6 29. Nxe6 Kxe6 30. Kf1 Bb4 31. Ke2 f5 32. Bg2 g6 33. Be3 Kd6 34. f3 Nf6 35. Kd3 Ke6 36. Bf4 Nd7 37. Bf1 Bd6 38. Bxd6 Kxd6 39. h4 Nf6 40. Be2 Ke6 41. Ke3 h6 42. Kd3 g5 43. hxg5 hxg5 44. Kc3 f4 45. gxf4 gxf4 46. b4 Kd6 47. bxa5 bxa5 48. Kd3 Ke6 49. Bf1 Kd6 50. Bh3 Nh5 51. Bf5 Ng3 52. Bg4 Nf1 53. Bh5 Ne3 54. Bg6 Ng2 55. Bf5 Ne3 56. Bg4 Ng2 57. Bh3 Ne3 58. Ke2 Ke7 59. Bc8 Kd6 60. Bb7 Ke6 61. Ba6 Kd6 62. Bb5 Ke6 63. Kd3 Kd6 64. Ke2 Ke6 65. Kd3 Kd6 66. Kd2 Ke6 67. Bd3 Kd6 68. Ke2 Ke6 69. Kf2 Kf6 70. Kg1 Kg5 71. Kf2 Kf6 72. Ke2 Kg5 73. Kd2 Kf6 74. Be2 Ke6 75. Kc3 Kd6 76. Bd3 Ke6 77. Ba6 Kd6 78. Bc8 Ng2 79. Kd3 Ne3 80. Ba6 Nf5 81. Bc8 Ne3 82. Bh3 Ke7 83. Kd2 Kd6 84. Kd3 Ke7 85. Kd2 Kd6 86. Kd3 1/2-1/2


[Site "https://www.chess.com"]

[Event "Titled Tuesday Blitz October 31 Late 2023"]
[White "KorolDimitriy75"]
[Black "VitaliyChayka"]
[WhiteElo "2340"]
[BlackElo "2159"]
[Result "1-0"]
[Round "8"]
[TimeControl "180+1"]
[Date "2023.10.31"]
[WhiteClock "0:00:12"]
[BlackClock "0:00:05"]
[Board "116"]

1. d4 g6 2. c4 c5 3. d5 e5 4. Nc3 d6 5. e4 h5 6. f4 exf4 7. Bxf4 a6 8. Qd2 Bh6 9. Nf3 Nd7 10. Bd3 Qe7 11. O-O Kf8 12. Rae1 f6 13. e5 Nxe5 14. Bxg6 Kg7 15. Nxe5 dxe5 16. Bxh6+ Rxh6 17. Bf5 Bxf5 18. Rxf5 Qd7 19. Ref1 Ne7 20. R5f2 Rg6 21. Ne4 Rf8 22. Nxc5 Qc8 23. Ne6+ Kg8 24. Nxf8 Qxf8 25. Qd3 Qg7 26. Kh1 Nc8 27. d6 Rg4 28. d7 1-0


[Site "https://www.chess.com"]

[Event "Titled Tuesday Blitz October 31 Late 2023"]
[White "Minina, Veronika"]
[Black "Djordjevic, Dejan N"]
[WhiteFideId "4174780"]
[BlackFideId "913316"]
[WhiteElo "2333"]
[BlackElo "2041"]
[Result "0-1"]
[Round "8"]
[TimeControl "180+1"]
[Date "2023.10.31"]
[WhiteClock "0:00:17"]
[BlackClock "0:00:25"]
[Board "117"]

1. Nf3 d5 2. g3 Bf5 3. c4 c6 4. cxd5 Qxd5 5. Bg2 Qa5 6. O-O Nf6 7. d3 e5 8. Bd2 Qc7 9. Bc3 Nbd7 10. Qb3 Be6 11. Qc2 h6 12. Nbd2 Nd5 13. d4 Nxc3 14. bxc3 Be7 15. e4 O-O 16. Rab1 b6 17. Rfd1 Rad8 18. Nb3 f6 19. d5 Bf7 20. c4 Nc5 21. Qe2 Bg6 22. Nh4 Bh7 23. Nf5 Bxf5 24. exf5 Nxb3 25. axb3 cxd5 26. Bxd5+ Kh8 27. Qh5 a5 28. Re1 Qc5 29. Re4 Rxd5 30. cxd5 Qxd5 31. Rbe1 Bc5 32. Qf3 Rd8 33. Kg2 Bd4 34. h4 Rc8 35. R1e2 Rc3 36. Qh5 Rxb3 37. g4 Rb2 38. Kf1 Rxe2 39. Rxe2 Qh1# 0-1


[Site "https://www.chess.com"]

[Event "Titled Tuesday Blitz October 31 Late 2023"]
[White "Arutla, Aditya"]
[Black "Romero Ruscalleda, Josep"]
[WhiteFideId "30961998"]
[BlackFideId "2231859"]
[WhiteElo "2423"]
[BlackElo "2303"]
[Result "1-0"]
[Round "8"]
[TimeControl "180+1"]
[Date "2023.10.31"]
[WhiteClock "0:01:24"]
[BlackClock "0:00:00"]
[Board "118"]

1. d4 g6 2. e4 Bg7 3. Nf3 d6 4. Be2 Nf6 5. Nc3 O-O 6. O-O b6 7. Re1 Bb7 8. e5 Nd5 9. Nxd5 Bxd5 10. c4 Bb7 11. exd6 cxd6 12. d5 Nd7 13. Rb1 Rc8 14. Be3 Ba6 15. b3 Nf6 16. Bd3 Re8 17. Nd4 Bb7 18. Nb5 a6 19. Na3 Qc7 20. Nc2 e6 21. dxe6 fxe6 22. Bg5 Qc6 23. f3 Nh5 24. Be3 Rf8 25. Qd2 Rce8 26. Qf2 b5 27. cxb5 axb5 28. Nd4 Bxd4 29. Bxd4 Nf4 30. Be4 d5 31. Rbc1 Qa6 32. Bb1 Qa8 33. Be5 Nh5 34. Rc7 Rf7 35. Rxf7 Kxf7 36. g4 Nf6 37. Qh4 Qa7+ 38. Kg2 Nd7 39. Qxh7+ 1-0


[Site "https://www.chess.com"]

[Event "Titled Tuesday Blitz October 31 Late 2023"]
[White "Sarkar, Justin"]
[Black "Bokros, Albert"]
[WhiteFideId "2010011"]
[BlackFideId "710458"]
[WhiteElo "2214"]
[BlackElo "2325"]
[Result "0-1"]
[Round "8"]
[TimeControl "180+1"]
[Date "2023.10.31"]
[WhiteClock "0:00:00"]
[BlackClock "0:01:09"]
[Board "119"]

1. e4 Nf6 2. e5 Nd5 3. c4 Nb6 4. d4 d6 5. exd6 cxd6 6. Nc3 g6 7. Be3 Bg7 8. Rc1 O-O 9. Nf3 Bg4 10. b3 Nc6 11. Be2 d5 12. c5 Nc8 13. O-O e6 14. Ne1 Bxe2 15. Nxe2 N8e7 16. Ng3 h5 17. Nf3 Bf6 18. Bh6 Re8 19. Bg5 Bg7 20. Qd2 Qd7 21. Bh6 a5 22. Bxg7 Kxg7 23. Qg5 Kh7 24. Nxh5 gxh5 25. Qxh5+ Kg7 26. Ng5 Ng6 27. Qh7+ Kf6 28. Qh6 Rh8 29. Nh7+ Rxh7 30. Qxh7 Rh8 0-1


[Site "https://www.chess.com"]

[Event "Titled Tuesday Blitz October 31 Late 2023"]
[White "pinguino120"]
[Black "Desideri, Ricardo Maruchi"]
[BlackFideId "2110440"]
[WhiteElo "2235"]
[BlackElo "1966"]
[Result "1-0"]
[Round "8"]
[TimeControl "180+1"]
[Date "2023.10.31"]
[WhiteClock "0:00:32"]
[BlackClock "0:00:00"]
[Board "120"]

1. e4 c5 2. Nf3 d6 3. c3 g6 4. d4 cxd4 5. cxd4 Bg7 6. h3 d5 7. e5 Nh6 8. Nc3 O-O 9. Qb3 e6 10. Be2 Nf5 11. O-O Nc6 12. Be3 a6 13. Rac1 Na5 14. Qd1 b5 15. b3 Bb7 16. Qd2 Nxe3 17. fxe3 Rc8 18. Ne1 Bh6 19. Nd3 Nc6 20. Nc5 Qe7 21. a3 Rfd8 22. b4 Nxe5 23. Nxb7 Qxb7 24. dxe5 d4 25. Nd1 Rxc1 26. Qxc1 dxe3 27. Nxe3 Qb6 28. Rf3 Rd4 29. Kh2 Re4 30. Qc8+ Kg7 31. Ng4 Rxe2 32. Nxh6 Kxh6 33. Qf8+ Kg5 34. Qxf7 1-0


[Site "https://www.chess.com"]

[Event "Titled Tuesday Blitz October 31 Late 2023"]
[White "Flameboard08"]
[Black "Wisniowski, Natalie"]
[BlackFideId "30929261"]
[WhiteElo "2567"]
[BlackElo "2163"]
[Result "1-0"]
[Round "8"]
[TimeControl "180+1"]
[Date "2023.10.31"]
[WhiteClock "0:02:00"]
[BlackClock "0:02:03"]
[Board "121"]

1. f4 Nf6 2. Nf3 e6 3. d3 Bc5 4. e4 O-O 5. g3 d5 6. e5 Nfd7 7. d4 Bb6 8. Bd3 c5 9. Bxh7+ Kh8 10. Ng5 g6 11. h4 cxd4 12. h5 Kg7 13. hxg6 fxg6 14. Nxe6+ 1-0


[Site "https://www.chess.com"]

[Event "Titled Tuesday Blitz October 31 Late 2023"]
[White "Acikel, Mert"]
[Black "Petersson, Kjell"]
[WhiteFideId "12956465"]
[BlackFideId "1705148"]
[WhiteElo "2295"]
[BlackElo "2147"]
[Result "1-0"]
[Round "8"]
[TimeControl "180+1"]
[Date "2023.10.31"]
[WhiteClock "0:01:12"]
[BlackClock "0:00:00"]
[Board "122"]

1. e4 c5 2. c3 d5 3. exd5 Qxd5 4. d4 Nc6 5. Nf3 cxd4 6. cxd4 e5 7. Nc3 Bb4 8. Bd2 Bxc3 9. Bxc3 e4 10. Ne5 Nxe5 11. dxe5 Ne7 12. Qe2 O-O 13. Rd1 Qc6 14. Bb4 Re8 15. Bxe7 Rxe7 16. Rd8+ Re8 17. Rxe8+ Qxe8 18. Qxe4 f6 19. Bc4+ Be6 20. O-O fxe5 21. Bxe6+ Qxe6 22. Qxb7 Qe8 23. Re1 Kh8 24. Rxe5 Qc8 25. Qxc8+ Rxc8 26. g3 Kg8 27. b4 Rc1+ 28. Kg2 Ra1 29. Ra5 Rb1 30. a3 Kf7 31. Rxa7+ Kf6 32. h4 h5 33. Ra5 g6 34. b5 Ke6 35. a4 Kd7 36. Ra6 Ra1 37. Rxg6 Rxa4 38. Rg5 Rb4 39. Rxh5 Ke6 40. Rg5 Kf6 41. Rc5 Kg6 42. Rc6+ Kh5 43. b6 Rb5 44. Kh3 1-0


[Site "https://www.chess.com"]

[Event "Titled Tuesday Blitz October 31 Late 2023"]
[White "Sari, Yasin"]
[Black "Jelcic, Marko"]
[WhiteFideId "6320902"]
[BlackFideId "14406489"]
[WhiteElo "2295"]
[BlackElo "2145"]
[Result "1-0"]
[Round "8"]
[TimeControl "180+1"]
[Date "2023.10.31"]
[WhiteClock "0:01:11"]
[BlackClock "0:01:46"]
[Board "123"]

1. Nf3 c5 2. g3 e6 3. Bg2 d6 4. O-O Nc6 5. c4 Nf6 6. d4 cxd4 7. Nxd4 Bd7 8. Nb5 Qb8 9. Bf4 Ne5 10. Qd4 a6 11. N5c3 Be7 12. c5 dxc5 13. Qxe5 Qc8 14. Qc7 1-0


[Site "https://www.chess.com"]

[Event "Titled Tuesday Blitz October 31 Late 2023"]
[White "ChessDojo"]
[Black "LuxLinster"]
[WhiteElo "2139"]
[BlackElo "2261"]
[Result "0-1"]
[Round "8"]
[TimeControl "180+1"]
[Date "2023.10.31"]
[WhiteClock "0:00:17"]
[BlackClock "0:00:41"]
[Board "124"]

1. c4 e5 2. Nc3 Nf6 3. Nf3 Nc6 4. g3 d5 5. cxd5 Nxd5 6. Bg2 Nb6 7. O-O Be7 8. d3 O-O 9. Bd2 Be6 10. Rc1 f6 11. a3 Nd4 12. Nxd4 exd4 13. Ne4 Bd5 14. b4 a5 15. Bf4 c6 16. bxa5 Rxa5 17. Qc2 f5 18. Nd2 Bxg2 19. Kxg2 g5 20. Nb3 Qd5+ 21. f3 Rxa3 22. Rb1 gxf4 23. Nd2 Ra2 24. Qc1 Qc5 25. Nc4 Rxe2+ 26. Rf2 Rxf2+ 27. Kxf2 Nxc4 28. dxc4 d3+ 29. Kg2 fxg3 30. hxg3 Ra8 31. Rxb7 Ra2+ 32. Rb2 Qa3 33. Qh6 Qxb2+ 0-1


[Site "https://www.chess.com"]

[Event "Titled Tuesday Blitz October 31 Late 2023"]
[White "Oliveira, Tiago Batista"]
[Black "Lock, Gavin R"]
[WhiteFideId "2108291"]
[BlackFideId "408646"]
[WhiteElo "2047"]
[BlackElo "2233"]
[Result "0-1"]
[Round "8"]
[TimeControl "180+1"]
[Date "2023.10.31"]
[WhiteClock "0:00:00"]
[BlackClock "0:00:19"]
[Board "125"]

1. d4 d5 2. c4 e6 3. Nf3 Nf6 4. g3 dxc4 5. Bg2 c5 6. O-O Nc6 7. Qa4 Bd7 8. dxc5 Na5 9. Qc2 Bxc5 10. Rd1 O-O 11. Ne5 h6 12. Nc3 Qc7 13. Bf4 Qc8 14. Ne4 Nxe4 15. Nxd7 Nxf2 16. Kf1 Nxd1 17. Nxf8 Ne3+ 18. Bxe3 Bxe3 0-1


[Site "https://www.chess.com"]

[Event "Titled Tuesday Blitz October 31 Late 2023"]
[White "Clawitter, Craig"]
[Black "Gyulamiryan-koryun"]
[WhiteFideId "2023105"]
[WhiteElo "2221"]
[BlackElo "1905"]
[Result "1-0"]
[Round "8"]
[TimeControl "180+1"]
[Date "2023.10.31"]
[WhiteClock "0:00:17"]
[BlackClock "0:00:00"]
[Board "126"]

1. e4 e5 2. Nf3 Nc6 3. Bc4 f5 4. d4 fxe4 5. Nxe5 Nxe5 6. dxe5 Qe7 7. O-O Qxe5 8. Nc3 Nf6 9. Re1 Bd6 10. g3 Kd8 11. Bf4 Qc5 12. Bxd6 Qxc4 13. Be5 Re8 14. Qd4 Qxd4 15. Bxd4 d6 16. Bxf6+ gxf6 17. Nxe4 f5 18. Nf6 Re5 19. f4 Re6 20. Nxh7 Ke7 21. Ng5 Rxe1+ 22. Rxe1+ Kf6 23. Re8 b6 24. h4 Bb7 25. Rxa8 Bxa8 26. Kf2 1-0


[Site "https://www.chess.com"]

[Event "Titled Tuesday Blitz October 31 Late 2023"]
[White "Pein, Jonathan"]
[Black "Burke, Paul"]
[WhiteFideId "417092"]
[BlackFideId "2605767"]
[WhiteElo "2293"]
[BlackElo "1886"]
[Result "1-0"]
[Round "8"]
[TimeControl "180+1"]
[Date "2023.10.31"]
[WhiteClock "0:00:11"]
[BlackClock "0:00:00"]
[Board "128"]

1. c4 a6 2. Nc3 d6 3. d4 g6 4. g3 h6 5. Bg2 Bg7 6. Nf3 Nd7 7. O-O e6 8. e4 Ne7 9. Be3 O-O 10. Qd2 Kh7 11. h4 Nf6 12. Rad1 Ng4 13. Bf4 Qe8 14. Nh2 Nxh2 15. Kxh2 e5 16. dxe5 dxe5 17. Be3 f5 18. f3 f4 19. gxf4 exf4 20. Bxf4 Qf7 21. Bxc7 Qxc4 22. Bg3 Be6 23. Nd5 Bxd5 24. exd5 Nf5 25. b3 Qc5 26. Bf2 Qd6+ 27. Kg1 Ng3 28. Rfe1 Rae8 29. b4 Be5 30. Bc5 Qf6 31. Bxf8 Rxf8 32. d6 Nf5 33. Rxe5 Qxe5 34. d7 Rd8 35. Re1 Qg3 36. Re8 Nxh4 37. Re7+ 1-0


[Site "https://www.chess.com"]

[Event "Titled Tuesday Blitz October 31 Late 2023"]
[White "Awoki, Daniel Teidi"]
[Black "Mariia89"]
[WhiteFideId "2100827"]
[WhiteElo "2237"]
[BlackElo "2171"]
[Result "0-1"]
[Round "8"]
[TimeControl "180+1"]
[Date "2023.10.31"]
[WhiteClock "0:00:00"]
[BlackClock "0:00:04"]
[Board "130"]

1. d4 Nf6 2. Nf3 c5 3. c4 cxd4 4. Nxd4 Nc6 5. Nc3 g6 6. e4 Nxd4 7. Qxd4 d6 8. Be2 Bg7 9. O-O O-O 10. Qe3 Bd7 11. h3 Bc6 12. Rd1 Nd7 13. Rb1 a5 14. Nd5 Nc5 15. f3 Rb8 16. Bd2 b5 17. cxb5 Bxb5 18. Bc3 Bxe2 19. Qxe2 Bxc3 20. Nxc3 Qb6 21. Kh1 Rb7 22. Nd5 Qa7 23. h4 h5 24. Rbc1 Rfb8 25. b3 Qa6 26. Qe3 Kg7 27. Qd4+ Kg8 28. Rc4 Ne6 29. Qe3 Qa7 30. Qxa7 Rxa7 31. Rdc1 Nc5 32. Kg1 Rbb7 33. Kf1 Kg7 34. Ke2 Rb5 35. Ke3 Rab7 36. R1c2 Ra7 37. Nf4 Rab7 38. Nd3 Ne6 39. Nf4 Nc5 40. Ne2 Ra7 41. Nd4 Rbb7 42. Nc6 Ra6 43. Nd4 Raa7 44. Ne2 Ra6 45. e5 Ne6 46. exd6 Rxd6 47. Rd2 Ra6 48. Rd5 a4 49. b4 Rab6 50. a3 Nc7 51. Rd7 Nb5 52. Rxb7 Rxb7 53. Nd4 Nxa3 54. Nc6 Nxc4+ 55. Kd4 Nd6 56. Kc5 Rb5+ 57. Kd4 e6 58. Kd3 a3 59. Kc3 Rb7 0-1


[Site "https://www.chess.com"]

[Event "Titled Tuesday Blitz October 31 Late 2023"]
[White "Adel, Sara"]
[Black "Sokolov, Andrei"]
[WhiteFideId "10616764"]
[BlackFideId "11600306"]
[WhiteElo "2163"]
[BlackElo "2234"]
[Result "1-0"]
[Round "8"]
[TimeControl "180+1"]
[Date "2023.10.31"]
[WhiteClock "0:00:53"]
[BlackClock "0:00:19"]
[Board "131"]

1. e4 c6 2. d4 d5 3. Nc3 dxe4 4. Nxe4 Nf6 5. Nxf6+ exf6 6. Nf3 Bd6 7. Bc4 O-O 8. O-O Bf5 9. c3 Nd7 10. Bd3 Bxd3 11. Qxd3 Nb6 12. Be3 Nd5 13. Rae1 Qc7 14. a3 Nf4 15. Bxf4 Bxf4 16. Re4 Rfe8 17. Rfe1 Rxe4 18. Rxe4 Kf8 19. g3 Bd6 20. Rh4 g6 21. Rxh7 Kg8 22. Rh4 Re8 23. Nd2 Re1+ 24. Kg2 f5 25. Nf3 Re8 26. Qd2 f4 27. Ng5 Qd8 28. Rh8+ Kg7 29. Rh7+ Kg8 30. Nxf7 f3+ 31. Kf1 Qa5 32. Qd3 Kxh7 33. Nxd6 Re6 34. Ne4 Qa6 35. Qxa6 bxa6 36. Ng5+ Kg7 37. Nxe6+ Kf6 38. Nc5 Ke7 39. Ke1 Kd6 40. Kd2 Kd5 41. b3 g5 42. Kd3 g4 43. c4+ Kd6 44. Ke4 Ke7 45. Kf4 Kd6 46. Kxg4 a5 47. Kxf3 a4 48. Nxa4 a5 49. Nc5 a4 50. Nxa4 c5 51. Nxc5 Kc6 52. h4 Kc7 53. h5 Kc6 54. h6 Kb6 55. h7 Kc7 56. h8=Q Kc6 57. Qc8+ Kb6 58. Qb7+ Ka5 59. b4# 1-0


[Site "https://www.chess.com"]

[Event "Titled Tuesday Blitz October 31 Late 2023"]
[White "Vila Dupla, Aurelio"]
[Black "Fernandez Hernandez, Gerardo"]
[WhiteFideId "2203383"]
[BlackFideId "2207400"]
[WhiteElo "2211"]
[BlackElo "2138"]
[Result "1-0"]
[Round "8"]
[TimeControl "180+1"]
[Date "2023.10.31"]
[WhiteClock "0:00:01"]
[BlackClock "0:00:00"]
[Board "132"]

1. Nf3 Nf6 2. d4 g6 3. g3 Bg7 4. Bg2 O-O 5. O-O d6 6. c4 c6 7. Nc3 Qa5 8. e4 e5 9. dxe5 dxe5 10. Qc2 Bg4 11. Ne1 Nbd7 12. h3 Be6 13. b3 Qc7 14. Be3 Nh5 15. Nf3 h6 16. Qd2 Kh7 17. Rac1 f5 18. exf5 gxf5 19. Qc2 e4 20. Nd4 Rae8 21. Qe2 Ndf6 22. Nxe6 Rxe6 23. g4 f4 24. gxh5 fxe3 25. Qxe3 Nxh5 26. Bxe4+ Kh8 27. f4 Rxf4 28. Rxf4 Nxf4 29. Rf1 Ng6 30. Qd3 Nf4 31. Qf3 Qe5 32. Qxf4 Qxc3 33. Qf2 1-0


[Site "https://www.chess.com"]

[Event "Titled Tuesday Blitz October 31 Late 2023"]
[White "Nihal Sarin"]
[Black "Yoo, Christopher Woojin"]
[WhiteFideId "25092340"]
[BlackFideId "30909694"]
[WhiteElo "3131"]
[BlackElo "3020"]
[Result "1-0"]
[Round "9"]
[TimeControl "180+1"]
[Date "2023.10.31"]
[WhiteClock "0:00:22"]
[BlackClock "0:00:07"]
[Board "1"]

1. d4 d5 2. c4 e6 3. Nf3 Nf6 4. Nc3 Be7 5. cxd5 exd5 6. Bf4 O-O 7. e3 c6 8. Bd3 Bg4 9. Qc2 Bxf3 10. gxf3 Nbd7 11. O-O-O Kh8 12. Kb1 Nh5 13. Be5 f6 14. Bg3 g6 15. Bxg6 hxg6 16. Qxg6 Qe8 17. Qh6+ Kg8 18. Ne2 Qf7 19. e4 Qh7 20. Qe3 Rae8 21. Ka1 Nb6 22. Nf4 Nc4 23. Qb3 Nxf4 24. Bxf4 Kh8 25. exd5 cxd5 26. Qxb7 Qf5 27. Bg3 Bd6 28. Qa6 Re6 29. Qxa7 Re2 30. Bxd6 Nxd6 31. Rhg1 Qh7 32. Qa6 Qc2 33. Rb1 Nf5 34. Rg4 Re7 35. Rf4 Rh7 36. Qe6 Ng7 37. Qxd5 Qxf2 38. Qd6 Rg8 39. Rxf6 Qxh2 40. Qd5 Qh5 41. Qb3 Qg5 42. Rc6 Nf5 43. Qc3 Qg7 44. Rc4 Rh4 45. a3 Nxd4 46. Rd1 Nf5 47. Rxh4+ Nxh4 48. Rh1 Qxc3 49. Rxh4+ Kg7 50. bxc3 Kf6 51. Kb2 Ke5 52. Re4+ Kd5 53. c4+ Kc5 54. Kc3 Rg1 55. Re5+ Kd6 56. f4 Rf1 57. Rf5 Rc1+ 58. Kd4 Rd1+ 59. Ke3 Rc1 60. Rd5+ Ke6 61. Kd4 Rf1 62. f5+ Kf6 63. Kc5 Ra1 64. Kb4 Rb1+ 65. Ka5 Rb3 66. a4 Rb1 67. c5 Ke7 68. c6 Rb2 69. c7 Rc2 70. Kb6 Rb2+ 71. Kc6 Rc2+ 72. Rc5 Rxc5+ 73. Kxc5 Kd7 74. Kb6 Kc8 75. a5 Kd7 76. a6 1-0


[Site "https://www.chess.com"]

[Event "Titled Tuesday Blitz October 31 Late 2023"]
[White "Martinez Alcantara, Jose Eduardo"]
[Black "Bok, Benjamin"]
[WhiteFideId "3805662"]
[BlackFideId "1017063"]
[WhiteElo "3123"]
[BlackElo "2972"]
[Result "0-1"]
[Round "9"]
[TimeControl "180+1"]
[Date "2023.10.31"]
[WhiteClock "0:00:02"]
[BlackClock "0:00:06"]
[Board "2"]

1. e4 c5 2. Nf3 d6 3. c3 Nf6 4. h3 Nc6 5. Bd3 g6 6. Bc2 e5 7. d3 Bg7 8. Bg5 O-O 9. Nbd2 h6 10. Bxf6 Bxf6 11. Bb3 Kg7 12. Nf1 Rb8 13. a4 a6 14. Bd5 Ne7 15. Ne3 Bg5 16. Nxg5 Nxd5 17. exd5 hxg5 18. a5 Rh8 19. Qe2 b5 20. axb6 Rxb6 21. Nc4 Rb8 22. f3 Bb7 23. O-O Bxd5 24. Rxa6 Bxc4 25. dxc4 Rb6 26. Raa1 Qe7 27. Rad1 Rhb8 28. Rd2 Qb7 29. Rf2 Qc6 30. Qe3 Qc8 31. Qxg5 Qe6 32. Qh4 Qf5 33. Kh2 g5 34. Qe4 Qxe4 35. fxe4 f6 36. g3 Kf7 37. h4 gxh4 38. gxh4 Ke6 39. Kh3 R6b7 40. Rg2 Rh8 41. Rg4 Rhb8 42. Rgg2 Rh8 43. Rdf2 Rbh7 44. Rg4 Rh6 45. Kg3 Ra8 46. Rh2 Ra1 47. Kf3 Ra4 48. Rc2 Ra1 49. Rh2 Ra4 50. h5 Kf7 51. Rhg2 Rxh5 52. Rg8 Rh3+ 53. Ke2 Rh7 54. Rd8 Ke7 55. Rb8 Ke6 56. Kd3 Ra1 57. Kc2 Re1 58. Re8+ Kd7 59. Rf8 Ke7 60. Ra8 Ke6 61. Rgg8 Rxe4 62. Rge8+ Kf5 63. Rad8 Rh2+ 64. Kb3 Ree2 65. Rxd6 Rxb2+ 66. Ka4 Rb1 67. Ka3 Ra1+ 68. Kb3 Rb1+ 69. Ka3 Rhb2 70. Rf8 Ke4 71. Rfxf6 Rb7 72. Ra6 Ra1# 0-1


[Site "https://www.chess.com"]

[Event "Titled Tuesday Blitz October 31 Late 2023"]
[White "Andreikin, Dmitry"]
[Black "Daneshvar, Bardiya"]
[WhiteFideId "4158814"]
[BlackFideId "12576468"]
[WhiteElo "3113"]
[BlackElo "2966"]
[Result "1/2-1/2"]
[Round "9"]
[TimeControl "180+1"]
[Date "2023.10.31"]
[WhiteClock "0:00:03"]
[BlackClock "0:00:04"]
[Board "3"]

1. d4 Nf6 2. c4 e6 3. Nf3 d5 4. Nc3 Be7 5. Bf4 O-O 6. e3 Nbd7 7. c5 Nh5 8. Bd3 Nxf4 9. exf4 c6 10. O-O b6 11. b4 a5 12. a3 Ba6 13. g3 Bf6 14. Qe2 Bxd3 15. Qxd3 Ra7 16. Rab1 axb4 17. axb4 Ra3 18. Rfc1 Qa8 19. Ne5 Bxe5 20. fxe5 Rb8 21. Qc2 bxc5 22. bxc5 Rxb1 23. Rxb1 Qa5 24. Rb3 f6 25. Rxa3 Qxa3 26. exf6 Nxf6 27. Kg2 Nd7 28. Ne2 Qb4 29. Qd3 g6 30. Qa6 Qe1 31. Ng1 Qe4+ 32. f3 Qxd4 33. Qc8+ Nf8 34. Qxc6 Qb2+ 35. Kh1 Qb8 36. Ne2 Qb1+ 37. Ng1 d4 38. Qd6 d3 39. c6 Qc2 40. c7 d2 41. c8=Q Qxc8 42. Qxd2 Qc6 43. Qe3 Nd7 44. Ne2 e5 45. Nc3 Qc4 46. Kg2 Qd4 47. Kf2 Nc5 48. Qxd4 exd4 49. Nb5 d3 50. Ke3 Kf7 51. Nd6+ Ke6 52. Ne4 Nd7 53. Ng5+ Kf5 54. Nxh7 g5 55. h4 gxh4 56. gxh4 Ne5 57. Ng5 Ng6 58. Ne4 Nxh4 59. Ng3+ Ke6 60. Kxd3 Nxf3 1/2-1/2


[Site "https://www.chess.com"]

[Event "Titled Tuesday Blitz October 31 Late 2023"]
[White "Pranav, V"]
[Black "Eljanov, Pavel"]
[WhiteFideId "25060783"]
[BlackFideId "14102951"]
[WhiteElo "3055"]
[BlackElo "2854"]
[Result "1-0"]
[Round "9"]
[TimeControl "180+1"]
[Date "2023.10.31"]
[WhiteClock "0:00:07"]
[BlackClock "0:00:00"]
[Board "4"]

1. e4 c6 2. d4 d5 3. e5 Bf5 4. Nf3 e6 5. Be2 Ne7 6. O-O c5 7. c3 Nd7 8. dxc5 Bg4 9. b4 Bxf3 10. Bxf3 Nxe5 11. Be2 g6 12. Re1 Bg7 13. Bb5+ N7c6 14. a4 a5 15. Bxc6+ bxc6 16. b5 O-O 17. Na3 Rc8 18. Be3 Nd7 19. bxc6 Rxc6 20. Nb5 Nxc5 21. Na7 Rc7 22. Nb5 Rc8 23. Na7 Bxc3 24. Nxc8 d4 25. Bh6 Qxc8 26. Rc1 Rd8 27. Re5 Nd7 28. Rxa5 Nf6 29. h3 Nd5 30. Rb5 Qc4 31. Qf3 d3 32. Rb7 Nf6 33. Bg5 1-0


[Site "https://www.chess.com"]

[Event "Titled Tuesday Blitz October 31 Late 2023"]
[White "Ilamparthi A R"]
[Black "Aravindh, Chithambaram VR."]
[WhiteFideId "45015775"]
[BlackFideId "5072786"]
[WhiteElo "2940"]
[BlackElo "2916"]
[Result "0-1"]
[Round "9"]
[TimeControl "180+1"]
[Date "2023.10.31"]
[WhiteClock "0:00:01"]
[BlackClock "0:00:15"]
[Board "5"]

1. d4 Nf6 2. Nf3 g6 3. Bf4 Bg7 4. Nc3 d5 5. e3 O-O 6. Ne5 c5 7. Be2 Nc6 8. O-O Bf5 9. Nxc6 bxc6 10. dxc5 Nd7 11. Na4 e5 12. Bg3 Be6 13. b4 f5 14. f4 Nf6 15. Nc3 Qe7 16. Rb1 a5 17. a3 axb4 18. axb4 Ra3 19. Rb3 Rxb3 20. cxb3 Bf7 21. Kh1 Nd7 22. b5 exf4 23. Bxf4 Nxc5 24. Na4 cxb5 25. Bxb5 Ne4 26. Qc2 g5 27. Qc7 Qb4 28. Bd7 gxf4 29. Qxf4 Qxb3 30. Qxf5 Kh8 31. Qf4 Bg8 0-1


[Site "https://www.chess.com"]

[Event "Titled Tuesday Blitz October 31 Late 2023"]
[White "Le, Quang Liem"]
[Black "Sivakumar, Shaaketh"]
[WhiteFideId "12401137"]
[BlackFideId "30940176"]
[WhiteElo "3039"]
[BlackElo "2640"]
[Result "1-0"]
[Round "9"]
[TimeControl "180+1"]
[Date "2023.10.31"]
[WhiteClock "0:01:52"]
[BlackClock "0:01:43"]
[Board "6"]

1. Nf3 Nf6 2. c4 b6 3. g3 Bb7 4. Bg2 g6 5. d4 Bg7 6. d5 O-O 7. Nc3 d6 8. O-O c5 9. e4 Nbd7 10. h3 a6 11. a4 Ne8 12. Re1 Nc7 13. Bf4 h6 14. e5 dxe5 15. Nxe5 Nxe5 16. Bxe5 Bxe5 17. Rxe5 e6 18. dxe6 Bxg2 19. e7 Qxd1+ 20. Rxd1 Rfe8 21. Kxg2 Ne6 22. Rd7 Kg7 23. Nd5 Rab8 24. f4 b5 25. cxb5 axb5 26. a5 Ra8 27. Rxe6 fxe6 28. Nc7 Rac8 29. Nxe8+ Rxe8 30. a6 c4 31. a7 b4 32. Rd8 1-0


[Site "https://www.chess.com"]

[Event "Titled Tuesday Blitz October 31 Late 2023"]
[White "Kovalev, Vladislav"]
[Black "Bortnyk, Mykola"]
[WhiteFideId "13504398"]
[BlackFideId "14120836"]
[WhiteElo "2905"]
[BlackElo "2995"]
[Result "1-0"]
[Round "9"]
[TimeControl "180+1"]
[Date "2023.10.31"]
[WhiteClock "0:00:02"]
[BlackClock "0:00:03"]
[Board "7"]

1. e4 Nf6 2. e5 Nd5 3. d4 d6 4. Nf3 dxe5 5. Nxe5 c6 6. Be2 Bf5 7. O-O Nd7 8. Nf3 e6 9. a3 Bd6 10. c4 Nf4 11. Bxf4 Bxf4 12. Nc3 O-O 13. h3 Re8 14. Bd3 Qf6 15. Qc2 Bxd3 16. Qxd3 Rad8 17. Rfe1 Bc7 18. Rad1 a5 19. Qe4 Nb6 20. b3 a4 21. Nxa4 Nxa4 22. bxa4 Ra8 23. Rb1 Reb8 24. d5 cxd5 25. cxd5 exd5 26. Qxd5 Qd6 27. Qe4 Ba5 28. Re3 b6 29. Rb5 g6 30. Rd5 Qf6 31. g4 Re8 32. Qxe8+ Rxe8 33. Rxe8+ Kg7 34. Kg2 Qb2 35. Rdd8 h6 36. h4 b5 37. Rb8 Bc7 38. Rb7 Bd6 39. Rxb5 Qxa3 40. Re4 Bc5 41. g5 Qc3 42. Re5 Bd4 43. Red5 Bxf2 44. Kxf2 hxg5 45. hxg5 Qc2+ 46. Kg3 Qc7+ 47. Re5 Qd6 48. a5 Qc6 49. Rbd5 Kf8 50. Rd8+ Kg7 51. Ree8 Qc7+ 52. Kg4 Qc4+ 53. Nd4 f5+ 54. Kf4 Qc7+ 55. Kf3 Qb7+ 56. Ke3 Qa7 57. Kf4 Qc7+ 58. Ke3 Qb7 59. a6 Qa7 60. Kf3 Kf7 61. Rf8+ Kg7 62. Ne6+ Kh7 63. Rh8# 1-0


[Site "https://www.chess.com"]